 Dungeon Crawl Stone Soup version 0.29-a0-409-gd843f3a48c (webtiles) character file.

Game seed: 14456488945703964371

0 trckry the Caller (level 1, -1/9 HPs)
             Began as a Vine Stalker Summoner on May 13, 2022.
             Slain by a jackal (2 damage)
             ... on level 1 of the Dungeon.
             The game lasted 00:00:27 (40 turns).

trckry the Caller (Vine Stalker Summoner)             Turns: 40, Time: 00:00:28

Health: -1/9       AC:  2    Str: 10    XL:     1   Next: 10%
Magic:  0/4        EV: 12    Int: 15    God:
Gold:   0          SH:  0    Dex: 14    Spells: 3/4 levels left

rFire   . . .      SeeInvis .   (no weapon)
rCold   . . .      Faith    .   (no shield)
rNeg    . . .      Spirit   +   a - +0 robe
rPois   .          Reflect  .   (no helmet)
rElec   .          Harm     .   (no cloak)
rCorr   .          Rampage  .   (no gloves)
Will    .....                   (no boots)
Stlth   ++........              (no amulet)
HPRegen 0.03/turn               (no ring)
MPRegen 0.09/turn               (no ring)

@: no status effects
A: fangs 2, magic shield, antimagic bite, no potion heal 2
a: no special abilities


You were on level 1 of the Dungeon.
You visited 1 branch of the dungeon, and saw 1 of its levels.

Inventory:

Armour
 a - a +0 robe (worn)
Potions
 b - a potion of magic


   Skills:
 + Level 1.5 Dodging
 + Level 2.4 Stealth
 + Level 2.2 Spellcasting
 + Level 4.0 Summonings


You had 3 spell levels left.
You knew the following spells:

 Your Spells              Type           Power      Damage    Failure   Level
a - Summon Small Mammal   Summ           52%        N/A       4%          1

Your spell library contained the following spells:

 Spells                   Type           Power      Damage    Failure   Level
 Call Imp                 Summ           13%        N/A       6%          2
 Call Canine Familiar     Summ           13%        N/A       13%         3
 Summon Guardian Golem    Hex/Summ       7%         N/A       28%         3
 Summon Lightning Spire   Summ/Air       7%         N/A       67%         4


Dungeon Overview and Level Annotations

Branches:
Dungeon (1/15)

Altars:


Innate Abilities, Weirdness & Mutations

You have extremely sharp teeth.
When hurt, damage is shared between your health and your magic reserves.
Your bite disrupts and absorbs the magic of your enemies.
Potions cannot restore your health.


Message History

The bat closely misses your rat.
Your rat splashes around in the water.
You now have 0/4 mp.
You hit the plant.
The plant begins to die.
You bite the plant. You drain its power.
The plant is lightly damaged.
The bat hits you but does no damage. The bat hits your rat.
The bat barely misses your rat. The jackal closely misses your rat.
The jackal closely misses you.
The bat hits your rat but does no damage.
Your rat bites the jackal.
The frilled lizard misses you.
Your rat splashes around in the water.
The kobold attacks as you move away! The kobold hits you but does no damage.
The bat hits your rat but does no damage. x2
The jackal bites your rat.
The jackal bites you but does no damage.
The bat misses your rat. The jackal closely misses your rat.
The kobold closely misses your rat.
Your rat closely misses the jackal.
Your rat bites the bat.
The bat hits your rat.
Your rat dies!
Your rat's corpse disappears in a puff of smoke!
The jackal barely misses you.
Your rat bites the jackal.
The frilled lizard bites the plant.
The kobold hits your rat with a +0 dagger.
Your rat dies!
Your rat's corpse disappears in a puff of smoke!
Casting: Summon Small Mammal (safe; 4% risk of failure)
Confirm with . or Enter, or press ? or * to list all spells.
You don't have enough magic to cast this spell.
Found a stone staircase leading down.
The bat closely misses you. The jackal attacks as you move away!
The jackal closely misses you.
Found a scroll labelled JUDIWI SYDACLU and a scroll labelled SESEEMM RUKU.
The jackal bites you.
* * * LOW HITPOINT WARNING * * *
You take 2 damage, and have 2/9 hp.
MASSIVE DAMAGE!!
The jackal attacks as you move away! The jackal bites you.
* * * LOW HITPOINT WARNING * * *
A bat comes into view.
You take 1 damage, and have 1/9 hp.
The jackal attacks as you move away! The jackal bites you.
You die...

.....<♣##......#######.
PPPPP.♣#....♣g......h..
P≈≈≈P.♣...P.≈.P....###.
P≈8≈P.♣..≈≈≈≈≈≈§h#.#
P≈≈≈P.♣#.≈≈P≈.≈.l# .#
PPPPP.♣...≈≈≈≈≈♣.# #
......♣..≈.≈≈.Kb##
♣♣♣♣♣♣♣..≈≈≈≈≈♣h##
..≈≈≈≈bP@# .≈≈≈≈≈...#
P≈≈≈.≈♣... .♣≈≈≈P...>#
..♣.P....b. .
#.#....#.. #..?..?#...
.#..###...


You could see a jackal, a goblin, 3 bats and a kobold.

Vanquished Creatures (collateral kills)
  A rat (D:1)
1 creature vanquished.

Vanquished Creatures (others)
  2 plants (D:1)
2 creatures vanquished.

Grand Total: 3 creatures vanquished

Notes
Turn   | Place    | Note
-------+----------+-------------------------------------------
     0 | D:1      | trckry the Vine Stalker Summoner began the quest for the
                  | Orb.
     0 | D:1      | Reached XP level 1. HP: 9/9 MP: 4/4
    39 | D:1      | HP: 1/9 [jackal (1)]
    40 | D:1      | Slain by a jackal

Illustrated notes

Levels and vault maps discovered:
D:1:      tarquinn_simple_flora_water_a, layout_rooms,
          shapermc_ecumenical_altar_petra, serial_bayou_pond_b,
          minmay_pentomino_v2

Action                   || total
-------------------------++-------
Melee: Unarmed           ||     1
       Bite              ||     1
 Cast: Summon Small Mamm ||     4
Armor: Robe              ||     7
Dodge: Dodged            ||    12

Table legend: (Time is in decaauts)
 A = Elapsed time spent in this place.
 B = Non-inter-level travel time spent in this place.
 C = Inter-level travel time spent in this place.
 D = Time resting spent in this place.
 E = Time spent auto-exploring this place.
 F = Levels seen in this place.
 G = Mean time per level.
                   A        B        C        D        E       F      G
               +--------+--------+--------+--------+--------+-----+--------+
         Total |     40 |     40 |      0 |      0 |      7 |   1 |   40.0 |
       Dungeon |     40 |     40 |      0 |      0 |      7 |   1 |   40.0 |
               +--------+--------+--------+--------+--------+-----+--------+

Top non-repeatable levels by time:
     D:1: 40 daAuts
